 Dungeon Crawl Stone Soup version 0.30-a0-141-g30f27751c5 (webtiles) character file.

Game seed: 1014577474609074642

125 qw the Chopper (level 5, 0/32 HPs)
             Began as a Gargoyle Fighter on Sept 25, 2022.
             Slain by a bullfrog (5 damage)
             ... on level 5 of the Dungeon.
             The game lasted 00:00:58 (2354 turns).

qw the Chopper (Gargoyle Fighter)                   Turns: 2354, Time: 00:00:59

Health: 0/32       AC: 18    Str: 21    XL:     5   Next: 9%
Magic:  5/5        EV:  5    Int:  9    God:
Gold:   127        SH:  0    Dex:  9    Spells: 4/4 levels left

rFire   . . .      SeeInvis .    Y - +0 war axe
rCold   + . .      Faith    .    c - +0 buckler
rNeg    + . .      Spirit   .    n - +0 plate armour
rPois   inf        Reflect  .    k - +2 helmet
rElec   +          Harm     .    (no cloak)
rCorr   .          Rampage  .    (no gloves)
Will    .....                    (no boots)
Stlth   ..........               p - amulet of regeneration
HPRegen 0.90/turn                e - ring of protection from cold
MPRegen 0.09/turn                (no ring)

@: confused
A: sickness immunity, AC +4, negative energy resistance 1, electricity
resistance, torment resistance 1, petrification resistance
a: no special abilities


You were on level 5 of the Dungeon.
You visited 1 branch of the dungeon, and saw 4 of its levels.

You collected 127 gold pieces.


Innate Abilities, Weirdness & Mutations

You are immune to sickness and miasma.
Your stone body is resilient. (AC +4)
You are immune to poison.
You resist negative energy. (rN+)
You are resistant to electric shocks. (rElec)
You are resistant to unholy torment.
You are immune to petrification.


   Skills:
 - Level 3.2 Fighting
 + Level 4.6 Axes
 - Level 3.2 Armour
 - Level 3.2 Shields


You had 4 spell levels left.
You didn't know any spells.
Your spell library was empty.

Inventory:

Hand Weapons
 a - the +4 mace of Surghi {antimagic, rC++ Str+4 SInv}
   (You found it on level 2 of the Dungeon)

   It reduces the magical energy of the wielder, and disrupts the spells and
   magical abilities of those it strikes.
   Natural abilities and divine invocations are not affected.
   Str:       It affects your strength (+4).
   rC:        It greatly protects you from cold.
   SInv:      It lets you see invisible.
 Y - a +0 war axe (weapon)
Armour
 c - a +0 buckler (worn)
 k - a +2 helmet (worn)
 n - a +0 plate armour (worn)
Jewellery
 b - a ring of positive energy
 e - a ring of protection from cold (left hand)
 p - an amulet of regeneration (around neck)
Scrolls
 f - a scroll of teleportation
 h - a scroll of fog {unknown}
 i - a scroll of identify
Potions
 d - a potion of might
 g - a potion of heal wounds {unknown}
 m - a potion of haste {unknown}

Dungeon Overview and Level Annotations

Branches:
Dungeon (3/15)

Altars:
Makhleb

Annotations:
D:1 2 runed translucent doors


Message History

The bullfrog hits you but does no damage.
The hound bites you but does no damage.
You hear some strange, mumbled words.
A puff of flame appears from out of thin air!
The puff of flame hits you. The orc hits you but does no damage.
Something hits you but does no damage. The adder barely misses you.
You block the bullfrog's attack. The hound bites you but does no damage.
You completely miss the bullfrog.
The bullfrog is almost dead.
You slash the adder!
You kill the adder!
You slash something! You barely miss the orc. You closely miss something.
You slash the hound!
You kill the hound!
You block the bullfrog's attack. The orc hits you with a +0 war axe!
You hear some strange, mumbled words.
Something tries to affect you, but you resist.
Something hits you but does no damage.
The bullfrog hits you but does no damage.
Something hits you. The orc hits you but does no damage.
You hear some strange, mumbled words.
You are confused.
You have reached level 5!
The bullfrog attacks as you move away!
The bullfrog hits you but does no damage.
Found a fizzy silvery potion.
Something hits you but does no damage. The orc completely misses you.
Something hits you but does no damage.
You're too confused to move!
The bullfrog hits you. x2; The orc barely misses you.
Something hits you but does no damage.
You hear some strange, mumbled words.
A magic dart appears from out of thin air!
The magic dart hits you but does no damage.
You barely miss the bullfrog.
The bullfrog is almost dead.
You completely miss something. You hit the orc. You miss something.
The bullfrog hits you. The orc hits you with a +0 war axe.
Something hits you but does no damage. x2; The bullfrog hits you.
You die...

.. ## ..
..# .# ..
?# #.#.#
<..
#####.###
#.$..@o.#
#...{F{.#
#...%.....#
#.......#.#
#.......#
..
#.......#
!#
#....(..# .
#........
#.........


You could see a bullfrog and an orc.

Vanquished Creatures
  A hound (D:5)
  2 adders
  4 dart slugs (D:1)
  A worm (D:3)
  An orc (D:3)
  7 bats
  3 endoplasms
  2 giant cockroaches (D:1)
  8 goblins
  9 hobgoblins
  6 jackals (D:1)
  A quokka (D:2)
  4 ball pythons
  2 frilled lizards
  5 kobolds
  4 rats
60 creatures vanquished.

Notes
Turn   | Place    | Note
-------+----------+-------------------------------------------
     0 | D:1      | qw the Gargoyle Fighter began the quest for the Orb.
     0 | D:1      | Reached XP level 1. HP: 14/14 MP: 1/1
     0 | D:1      | 0 ||| qw: Version: 0.2-a-10-g399e6c4
     0 | D:1      | 0 ||| qw: Game counter: 213
     0 | D:1      | 0 ||| qw: Always use a shield: true
     0 | D:1      | 0 ||| qw: God list: Okawaru
     0 | D:1      | 0 ||| qw: Allow faded altars: false
     0 | D:1      | 0 ||| qw: Do Orc after D:15 true
     0 | D:1      | 0 ||| qw: Do second Lair branch before Depths: true
     0 | D:1      | 0 ||| qw: Lair rune preference: random
     0 | D:1      | 0 ||| qw: Plans: Normal, Zot:1-4, God:TSO, Crypt, Tomb,
                  | Pan, Slime:5, Hells, Abyss, Orb
     0 | D:1      | 0 ||| PLANNING D:1-11
    41 | D:1      | Reached skill level 2 in Axes
    44 | D:1      | 44 ||| Stepping ~*~*~tactically~*~*~ (hiding).
   160 | D:1      | Reached XP level 2. HP: 19/19 MP: 2/2
   171 | D:1      | Found a large runed translucent door.
   171 | D:1      | Found a large runed translucent door.
   180 | D:1      | Noticed a troll
   390 | D:1      | Reached skill level 3 in Axes
   407 | D:1      | 407 ||| Stepping ~*~*~tactically~*~*~ (stealth).
   409 | D:1      | 409 ||| Stepping ~*~*~tactically~*~*~ (stealth).
   428 | D:1      | 428 ||| Stepping ~*~*~tactically~*~*~ (stealth).
   438 | D:1      | Reached XP level 3. HP: 13/23 MP: 3/3
   906 | D:1      | 906 ||| DROPPING +0 club.
  1126 | D:1      | 1126 ||| Stepping ~*~*~tactically~*~*~ (hiding).
  1457 | D:1      | 1457 ||| UPGRADING to +1 helmet.
  1462 | D:1      | 1462 ||| UPGRADING to +0 plate armour.
  1472 | D:1      | 1472 ||| DROPPING +0 scale mail.
  1473 | D:1      | 1473 ||| UPGRADING to amulet of regeneration.
  1478 | D:1      | 1478 ||| UPGRADING to ring of protection from cold.
  1479 | D:1      | 1479 ||| READING scroll labelled FUFOIJACET.
  1480 | D:1      | 1480 ||| READING 2 scrolls labelled RUUQIE INLI.
  1481 | D:1      | 1481 ||| READING scroll labelled LYIRYS WETZUINEM.
  1482 | D:1      | 1482 ||| READING scroll labelled GOSIAMPEU.
  1525 | D:2      | Reached XP level 4. HP: 28/28 MP: 4/4
  1560 | D:2      | 1560 ||| Stepping ~*~*~tactically~*~*~ (stealth).
  1566 | D:2      | 1566 ||| Stepping ~*~*~tactically~*~*~ (stealth).
  1572 | D:2      | 1572 ||| Stepping ~*~*~tactically~*~*~ (stealth).
  1573 | D:2      | 1573 ||| Stepping ~*~*~tactically~*~*~ (stealth).
  1668 | D:2      | 1668 ||| Stepping ~*~*~tactically~*~*~ (stealth).
  1669 | D:2      | 1669 ||| Stepping ~*~*~tactically~*~*~ (stealth).
  1685 | D:2      | Identified the +4 mace of Surghi {antimagic, rC++ Str+4
                  | SInv}
  1695 | D:2      | Reached skill level 4 in Axes
  1696 | D:2      | 1696 ||| DROPPING +0 whip.
  2047 | D:2      | Found a faded altar of an unknown god.
  2079 | D:2      | 2079 ||| READING scroll labelled DOSKETWAIHA.
  2084 | D:2      | 2084 ||| READING scroll labelled RUGGIF HOTYU.
  2085 | D:2      | 2085 ||| READING scroll labelled GOKUSHR QYPO.
  2086 | D:2      | 2086 ||| READING 2 scrolls of identify.
  2086 | D:2      | 2086 ||| IDENTIFYING amethyst potion
  2087 | D:2      | 2087 ||| DROPPING potion of degeneration.
  2136 | D:3      | 2136 ||| READING scroll of enchant armour.
  2136 | D:3      | 2136 ||| ENCHANTING +1 helmet.
  2283 | D:3      | Found a burning altar of Makhleb.
  2337 | D:3      | You fall into a shaft and drop 2 floors!
  2337 | D:5      | Entered Level 5 of the Dungeon
  2338 | D:5      | Noticed a bullfrog
  2352 | D:5      | Reached XP level 5. HP: 12/32 MP: 5/5
  2354 | D:5      | HP: 5/32 [orc/+0 war axe (4)]
  2354 | D:5      | Slain by a bullfrog

Levels and vault maps discovered:
D:1:      erik_arrival_cave_to_civilisation [erik_arrival_cave_to_temple],
          layout_basic, minivault_27
D:2:      layout_rooms, shapermc_ecumenical_altar_rom_forum,
          minmay_crystal_water
D:3:      layout_basic, bloody_makhleb, serial_shops, shop
D:5:      layout_rooms, mrwooster_statue_mirror, uniq_edmund

Skill      XL: |  1  2  3  4 |
---------------+-------------+-----
Axes           | 2 3 4 |  4.6
Fighting       | |  3.2
Armour         | |  3.2
Shields        | |  3.2

Action                   |  1- 3 |  4- 6 || total
-------------------------+-------+-------++-------
Melee: War axe           |   101 |    81 ||   182
  Use: Scroll            |     4 |     5 ||     9
Armor: Scale mail        |    43 |       ||    43
       Plate armour      |     2 |   107 ||   109
Dodge: Dodged            |    32 |    26 ||    58
Block: Buckler           |    15 |    12 ||    27

Table legend:
 A = Non-vault XP
 B = Vault XP
 C = Vault XP percentage of total XP
 D = Non-vault monster count
 E = Vault monster count
 F = Vault count percentage of total count
                 A         B        C        D         E       F
            +---------+---------+-------+---------+---------+-------
      Total |     175 |       4 |   2.2 |      58 |       2 |   3.3
            +---------+---------+-------+---------+---------+-------
        D:1 |      69 |       4 |   5.5 |      35 |       2 |   5.4
        D:2 |      36 |       0 |   0.0 |      15 |       0 |   0.0
        D:3 |      14 |       0 |   0.0 |       6 |       0 |   0.0
        D:5 |      56 |       0 |   0.0 |       2 |       0 |   0.0
            +---------+---------+-------+---------+---------+-------
